General information
- name: BNet
- type: Ladder 1vs1/FFA
- host: Battle.net
- saver: 7.31
map: TirisfalGlades
- players: 2
- length: 35:52
- speed: Fast
- version: 1.24 W3XP
- replay type: Public
» download(105 KB)
Players
team 1 (winner)
7.31 (
pink | 62 APM | 2226 actions | 35:52)
5 Mountain King
3 Storm Bolt
2 Bash
3 Archmage
1 Summon Water Elemental
2 Brilliance Aura
2 Blood Mage
1 Banish
1 Flame Strike
» actions
| Assign group hotkey | 76 | |
| Basic commands | 195 | |
| Build / train | 131 | |
| ESC pressed | 1 | |
| Enter build submenu | 61 | |
| Enter hero's abilities submenu | 10 | |
| Give item / drop item | 3 | |
| Right click | 732 | |
| Select / deselect | 426 | |
| Select group hotkey | 371 | |
| Use ability | 220 | |
2226 total
» units
| Peasant | 26 | |
| Footman | 6 | |
| Assassin | 1 | |
| Kobold Geomancer | 1 | |
| Mortar Team | 2 | |
| Dragonhawk Rider | 4 | |
| Flying Machine | 1 | |
| Gryphon Rider | 2 | |
| Knight | 1 | |
| Sorceress | 1 | |
| Spell Breaker | 1 | |
46 total
» upgrades
| Defend | 1 | |
| Masonry | 3 | |
| Lumber Harvesting | 2 | |
| Swords | 3 | |
| Fragmentation Shards | 1 | |
| Flare | 1 | |
| Magic Sentry | 1 | |
| Sorceress Training | 2 | |
| Armor | 3 | |
| Cloud | 1 | |
| Animal War Training | 1 | |
| Flak Cannons | 1 | |
| Storm Hammers | 1 | |
| Control Magic | 1 | |
| Plating | 1 | |
23 total
» buildings
| Altar of Kings | 1 | |
| Barracks | 1 | |
| Farm | 12 | |
| Scout Tower | 33 | |
| Arcane Tower | 6 | |
| Town Hall | 2 | |
| Arcane Vault | 1 | |
| Lumber Mill | 1 | |
| Keep | 1 | |
| Blacksmith | 1 | |
| Guard Tower | 19 | |
| Castle | 1 | |
| Arcane Sanctum | 1 | |
| Workshop | 2 | |
| Gryphon Aviary | 5 | |
87 total
» build order
00:04 Altar of Kings
00:15 Barracks
00:20 Farm
01:06 Farm
02:06 Farm
02:18 Farm
02:31 Scout Tower
03:08 Arcane Tower
04:53 Town Hall
04:58 Scout Tower
05:01 Arcane Vault
05:11 Farm
05:24 Arcane Tower
05:26 Scout Tower
06:10 Arcane Tower
06:22 Lumber Mill
06:47 Keep
06:49 Scout Tower
06:50 Scout Tower
06:51 Scout Tower
06:52 Scout Tower
07:22 Scout Tower
07:27 Scout Tower
07:28 Scout Tower
07:28 Scout Tower
07:29 Scout Tower
07:33 Scout Tower
07:48 Blacksmith
07:50 Farm
08:00 Guard Tower
08:00 Guard Tower
08:00 Guard Tower
08:18 Guard Tower
08:18 Guard Tower
08:53 Guard Tower
08:55 Guard Tower
08:56 Arcane Tower
09:30 Castle
09:37 Guard Tower
10:04 Guard Tower
10:44 Arcane Sanctum
10:47 Farm
10:49 Farm
10:52 Farm
11:03 Scout Tower
11:03 Scout Tower
11:34 Guard Tower
11:38 Workshop
11:39 Workshop
14:53 Gryphon Aviary
14:54 Gryphon Aviary
14:56 Gryphon Aviary
14:57 Gryphon Aviary
15:22 Scout Tower
15:23 Scout Tower
16:01 Gryphon Aviary
16:05 Guard Tower
16:06 Guard Tower
20:08 Scout Tower
20:08 Scout Tower
20:10 Scout Tower
21:01 Farm
21:05 Farm
21:07 Farm
21:33 Guard Tower
23:46 Scout Tower
23:46 Scout Tower
23:48 Scout Tower
23:48 Scout Tower
23:50 Scout Tower
23:50 Scout Tower
23:56 Scout Tower
24:03 Scout Tower
24:15 Guard Tower
24:17 Scout Tower
24:21 Guard Tower
24:22 Scout Tower
24:23 Scout Tower
24:23 Guard Tower
24:32 Scout Tower
24:33 Scout Tower
24:38 Guard Tower
24:45 Guard Tower
25:24 Arcane Tower
25:26 Arcane Tower
25:27 Guard Tower
25:37 Town Hall
» items
| Dust of Appearance | 2 | |
| Boots of Speed | 3 | |
| Lesser Clarity Potion | 2 | |
| Scroll of Regeneration | 2 | |
| Mechanical Critter | 1 | |
| Potion of Healing | 3 | |
| Staff of Sanctuary | 1 | |
| Scroll of Town Portal | 2 | |
| Periapt of Vitality | 2 | |
| Staff of Teleportation | 2 | |
| Potion of Lesser Invulnerability | 1 | |
| Orb of Fire | 1 | |
22 total
team 2 (loser)
Manko (
orange | 49 APM | 1762 actions | 35:50)
4 Blademaster
2 Critical Strike
2 Wind Walk
1 Shadow Hunter
1 Healing Wave
» actions
| Assign group hotkey | 26 | |
| Basic commands | 65 | |
| Build / train | 73 | |
| ESC pressed | 3 | |
| Enter build submenu | 26 | |
| Enter hero's abilities submenu | 5 | |
| Remove unit from queue | 5 | |
| Right click | 630 | |
| Select / deselect | 598 | |
| Select group hotkey | 227 | |
| Use ability | 104 | |
1762 total
» units
| Peon | 6 | |
| Grunt | 7 | |
| Kobold Geomancer | 1 | |
| Wind Rider | 10 | |
| Tauren | 1 | |
| Kobold | 1 | |
| Murloc Huntsman | 1 | |
| Troll Batrider | 12 | |
| Troll Witch Doctor | 3 | |
| Spirit Walker | 1 | |
43 total
» upgrades
| Spiked Barricades | 1 | |
| Spirit Walker Training | 2 | |
| Witch Doctor Training | 2 | |
| Shaman Training | 4 | |
9 total
» buildings
| Orc Burrow | 8 | |
| Altar of Storms | 1 | |
| Barracks | 1 | |
| Voodoo Lounge | 1 | |
| War Mill | 1 | |
| Stronghold | 3 | |
| Watch Tower | 3 | |
| Beastiary | 2 | |
| Spirit Lodge | 1 | |
| Fortress | 2 | |
| Great Hall | 1 | |
| Tauren Totem | 1 | |
25 total
» build order
00:06 Orc Burrow
00:10 Altar of Storms
00:38 Barracks
01:42 Orc Burrow
01:59 Orc Burrow
02:32 Voodoo Lounge
03:13 War Mill
03:20 Stronghold
03:20 Stronghold
03:45 Orc Burrow
04:56 Watch Tower
06:17 Orc Burrow
06:25 Beastiary
06:29 Beastiary
09:06 Spirit Lodge
09:08 Fortress
09:09 Fortress
10:57 Watch Tower
11:03 Orc Burrow
11:48 Great Hall
12:59 Watch Tower
15:17 Tauren Totem
18:58 Orc Burrow
28:08 Orc Burrow
» items
| Healing Salve | 3 | |
| Orb of Lightning | 1 | |
4 total
Chat log
(16:06 / All) Manko: gg ?
(16:10 / All) 7.31: ff?
(16:16 / All) Manko: br ?
(16:21 / All) 7.31: im asking if you forfeit.
(17:45 / All) 7.31: lol
(18:32 / All) 7.31: leave?
(18:50 / All) Manko: no
(18:54 / All) 7.31: lol
(21:21 / All) 7.31: why are all brazilians so bad?
(21:41 / All) Manko: fuck you
(21:43 / All) 7.31: lol
(21:46 / All) 7.31: its the truth
(21:55 / All) 7.31: ive never EVER seen a brazilian that had good strategy
(22:04 / All) Manko: k
(22:06 / All) Manko: ok
(22:18 / All) 7.31: come prove me wrong...
(22:22 / All) Manko: vem pro pau
(22:26 / All) 7.31: english
(22:31 / All) 7.31: youre on a us server
(22:37 / All) Manko: fuck english
(22:40 / All) Manko: latn
(22:43 / All) Manko: latin
(22:45 / All) Manko: espanhol
(22:46 / All) 7.31: but nobody cares about your country
(22:57 / All) 7.31: latina est mortua
(22:59 / All) Manko: vc me chupo
(23:01 / All) Manko: ?
(23:08 / All) 7.31: you lost man
(23:09 / All) 7.31: just leave
(23:14 / All) 7.31: i spoke latin, you didnt understand
(23:44 / All) Manko: lol
(23:46 / All) Manko: destrui
(23:48 / All) Manko: [
(23:52 / All) Manko: destroir
(23:52 / All) 7.31: thanks for the exp
(23:57 / All) Manko: ok
(24:07 / All) 7.31: i can afford an extra workshop
(24:09 / All) Manko: gg ?
(24:12 / All) Manko: ff?
(24:16 / All) Manko: Tt
(24:19 / All) 7.31: you forfeit?
(24:20 / All) Manko: _|_
(24:24 / All) Manko: no
(24:28 / All) 7.31: then its not gg
(24:29 / All) Manko: you is gay ?
(24:34 / All) 7.31: you ARE gay
(24:36 / All) 7.31: learn english
(24:43 / All) Manko: ok
(24:45 / All) Manko: tks
(24:55 / All) Manko: you are gay
(24:57 / All) Manko: ?
(24:57 / All) 7.31: Why is your country so poor?
(25:15 / All) 7.31: starving children, everywhere
(25:44 / All) 7.31: you know, third world
(25:48 / All) 7.31: understand?
(25:55 / All) 7.31: lol batriders
(26:00 / All) Manko: you queer bastard
(26:01 / All) Manko: ?
(26:07 / All) 7.31: you try too hard.
(26:44 / All) 7.31: come back
(26:45 / All) Manko:
(27:27 / All) 7.31: yoink
(27:34 / All) 7.31: lol
(28:19 / All) 7.31: lol
(28:54 / All) 7.31: cool bats bro
(29:03 / All) 7.31: 6000 gold :)
(29:11 / All) Manko: good
(29:15 / All) 7.31: i know
(29:22 / All) Manko: very good
(30:07 / All) Manko: 6000 de lumber
(30:13 / All) 7.31: make it count
(32:54 / All) 7.31: lol
(33:22 / All) 7.31: LOL
(33:25 / All) 7.31: too easy
(33:35 / All) 7.31: youre still here?
(34:00 / All) Manko: ^^
(34:52 / All) 7.31: wow
(34:54 / All) 7.31: i didnt lose one
(35:20 / All) 7.31: jesus christ youre bad